 Dungeon Crawl Stone Soup version 0.27.1-2-g3b301248ec (webtiles) character file.

Game seed: 1528317609370652751

708 Rickety the Conjurer (level 7, -6/51 HPs)
             Began as a Gnoll Conjurer on Sept 27, 2021.
             Mangled by Maggie (14 damage)
             ... on level 6 of the Dungeon.
             The game lasted 00:09:37 (4751 turns).

Rickety the Conjurer (Gnoll Conjurer)               Turns: 4751, Time: 00:09:38

Health: -6/51      AC:  3    Str:  7    XL:     7   Next: 67%
Magic:  2/15       EV: 12    Int: 19    God:
Gold:   268        SH:  0    Dex: 10    Spells: 9/17 levels left

rFire    + . .     SeeInvis .   v - +0 dagger (drain)
rCold    . . .     Faith    .   (no shield)
rNeg     . . .     Spirit   .   w - +0 leather armour {rF+}
rPois    +         Reflect  .   (no helmet)
rElec    .         Harm     .   (no cloak)
rCorr    .         Rampage  .   (no gloves)
Will     .....                  (no boots)
Stlth    ++........             (no amulet)
HPRegen  0.17/turn              o - ring of poison resistance
MPRegen  0.14/turn              (no ring)

@: mesmerised
A: fangs 1, strong nose, distributed training
a: no special abilities


You were on level 6 of the Dungeon.
You visited 1 branch of the dungeon, and saw 6 of its levels.

You collected 268 gold pieces.

Inventory:

Hand Weapons
 u - a +1 hand axe of freezing
 v - a +0 dagger of draining (weapon)
Missiles
 s - 15 poisoned darts
Armour
 a - a +0 robe
 w - a +0 leather armour of fire resistance (worn)
Jewellery
 o - a ring of poison resistance (left hand)
Wands
 k - a wand of paralysis (15)
 l - a wand of polymorph (8)
Scrolls
 b - 4 scrolls of identify {unknown}
 d - a scroll of enchant armour {unknown}
 e - a scroll of noise {unknown}
 g - a scroll of vulnerability {unknown}
 i - a scroll of holy word {unknown}
 j - a scroll of fog {unknown}
 p - 2 scrolls of fear {unknown}
 q - a scroll of enchant weapon {unknown}
 r - a scroll of immolation {unknown}
Potions
 c - a potion of curing {unknown}
 f - 3 potions of heal wounds {unknown}
 h - 2 potions of attraction {unknown}
 m - a potion of degeneration {unknown}
 n - a potion of brilliance {unknown}
 t - a potion of berserk rage {unknown}


   Skills:
 + Level 2.6 Fighting
 + Level 2.6 Short Blades
 + Level 2.6 Long Blades
 + Level 2.6 Axes
 + Level 2.6 Maces & Flails
 + Level 2.6 Polearms
 + Level 2.6 Staves
 + Level 2.6 Slings
 + Level 2.6 Bows
 + Level 2.6 Crossbows
 + Level 2.6 Throwing
 + Level 2.6 Armour
 + Level 5.3 Dodging
 + Level 5.0 Stealth
 + Level 2.6 Shields
 + Level 2.6 Unarmed Combat
 + Level 5.7 Spellcasting
 + Level 7.4 Conjurations
 + Level 2.1 Hexes
 + Level 2.1 Summonings
 + Level 2.1 Necromancy
 + Level 2.1 Translocations
 + Level 2.1 Transmutations
 + Level 2.1 Fire Magic
 + Level 2.1 Ice Magic
 + Level 2.1 Air Magic
 + Level 2.1 Earth Magic
 + Level 2.1 Poison Magic
 + Level 2.9 Invocations
 + Level 2.6 Evocations


You had 9 spell levels left.
You knew the following spells:

 Your Spells              Type           Power      Damage    Failure   Level
a - Magic Dart            Conj           100%       1d8       1%          1
d - Dazzling Flash        Conj/Hex       46%        N/A       7%          3
l - Blink                 Tloc           N/A        N/A       11%         2
r - Searing Ray           Conj           66%        3d5       1%          2

Your spell library contained the following spells:

 Spells                   Type           Power      Damage    Failure   Level
 Foxfire                  Conj/Fire      92%        2x1d8     2%          1
 Conjure Flame            Conj/Fire      23%        6-21      7%          3
 Inner Flame              Hex/Fire       13%        N/A       21%         3
 Lesser Beckoning         Tloc           6%         N/A       21%         3
 Fulminant Prism          Conj/Hex       11%        3d9       22%         4
 Iskenderun's Mystic Bla  Conj/Tloc      23%        2d6       22%         4
 Manifold Assault         Tloc           13%        N/A       88%         5


Dungeon Overview and Level Annotations

Branches:
Dungeon (6/15)             Temple (0/1) D:6

Altars:
Dithmenos
Fedhas
Okawaru
Qazlal
Sif Muna
Vehumet
Yredelemnul
The Shining One

Annotations:
D:6 Maggie


Innate Abilities, Weirdness & Mutations

You have very sharp teeth.
Your uncanny sense of smell can sniff out nearby items.
Your experience applies equally to all skills.


Message History

Aim: Maggie, wielding a +1 broad axe of pain and wearing +0 swamp dragon scales (moderately wounded, mesmerising, 83% to hit)
The searing ray hits Maggie.
Maggie is moderately wounded. (Press . to maintain the ray.) Maggie hits you with a +1 broad axe of pain.
The searing ray hits Maggie!
Maggie is heavily wounded.
Maggie hits you with a +1 broad axe of pain!
You writhe in agony.
The searing ray hits Maggie!
Maggie is heavily wounded.
Maggie barely misses you.
The searing ray hits Maggie.
Maggie is severely wounded.
You finish channeling your searing ray.
Maggie hits you with a +1 broad axe of pain!
* * * LOW HITPOINT WARNING * * *
Casting: Searing Ray (safe; 1% risk of failure)
Confirm with . or Enter, or press ? or * to list all spells.
You don't have enough magic to cast this spell.
Unknown command.
You hit Maggie but do no damage.
Maggie is severely wounded.
You barely miss Maggie.
Maggie is severely wounded.
Maggie hits you with a +1 broad axe of pain.
* * * LOW HITPOINT WARNING * * *
You writhe in agony.
* * * LOW HITPOINT WARNING * * *
You barely miss Maggie. You bite Maggie, but do no damage.
Maggie is severely wounded.
Maggie casts a spell.
Maggie draws you further into her thrall.
You hit Maggie but do no damage.
Maggie is severely wounded.
Maggie barely misses you.
You hit Maggie but do no damage. You bite Maggie, but do no damage.
Maggie is severely wounded.
Maggie hits you with a +1 broad axe of pain!
You die...

...... .#...
....>#. ....#
.......#####.>.#
..$......#....
.[......#...#
#........#
..##.......#.#
#........@@..#
###.#..#..###..#.
#.###..#...##....#
#...##.##..#.......
#......##.......#<.
##...............#
.
##............#....
#...........#.....#
#<....#..#.........


You could see Maggie (mesmerising).

Vanquished Creatures
  Sigmund (D:2)
  A scorpion (D:4)
  A hound (D:4)
  4 orc priests
  3 orc wizards (D:5)
  Natasha (thrice) (D:2)
  3 gnolls (D:4)
  7 adders
  An ufetubus (D:4)
  An adder skeleton (D:4)
  2 worms (D:2)
  A dart slug (D:1)
  8 orcs
  9 endoplasms
  3 giant cockroaches
  11 goblins
  7 hobgoblins
  2 jackals (D:4)
  7 quokkas
  12 ball pythons
  4 bats
  3 frilled lizards
  4 kobolds
  7 rats
105 creatures vanquished.

Notes
Turn   | Place    | Note
-------+----------+-------------------------------------------
     0 | D:1      | Rickety the Gnoll Conjurer began the quest for the Orb.
     0 | D:1      | Reached XP level 1. HP: 13/13 MP: 6/6
   128 | D:1      | Reached XP level 2. HP: 19/19 MP: 4/7
   131 | D:1      | Learned a level 2 spell: Searing Ray
   658 | D:1      | Reached XP level 3. HP: 25/25 MP: 2/9
   662 | D:1      | Learned a level 3 spell: Dazzling Flash
   768 | D:1      | Reached skill level 5 in Spellcasting
   897 | D:1      | Found a faded altar of an unknown god.
  1186 | D:2      | Noticed Natasha
  1191 | D:2      | Killed Natasha
  1192 | D:2      | Reached skill level 1 in Fighting
  1192 | D:2      | Reached skill level 1 in Short Blades
  1192 | D:2      | Reached skill level 1 in Long Blades
  1192 | D:2      | Reached skill level 1 in Axes
  1192 | D:2      | Reached skill level 1 in Maces & Flails
  1192 | D:2      | Reached skill level 1 in Polearms
  1192 | D:2      | Reached skill level 1 in Staves
  1192 | D:2      | Reached skill level 1 in Slings
  1192 | D:2      | Reached skill level 1 in Bows
  1192 | D:2      | Reached skill level 1 in Crossbows
  1192 | D:2      | Reached skill level 1 in Throwing
  1192 | D:2      | Reached skill level 1 in Armour
  1192 | D:2      | Reached skill level 1 in Shields
  1192 | D:2      | Reached skill level 1 in Unarmed Combat
  1192 | D:2      | Reached skill level 1 in Invocations
  1192 | D:2      | Reached skill level 1 in Evocations
  1192 | D:2      | Reached XP level 4. HP: 32/32 MP: 3/11
  1527 | D:2      | Reached skill level 1 in Hexes
  1527 | D:2      | Reached skill level 1 in Summonings
  1527 | D:2      | Reached skill level 1 in Necromancy
  1527 | D:2      | Reached skill level 1 in Translocations
  1527 | D:2      | Reached skill level 1 in Transmutations
  1527 | D:2      | Reached skill level 1 in Fire Magic
  1527 | D:2      | Reached skill level 1 in Ice Magic
  1527 | D:2      | Reached skill level 1 in Air Magic
  1527 | D:2      | Reached skill level 1 in Earth Magic
  1527 | D:2      | Reached skill level 1 in Poison Magic
  1643 | D:2      | Noticed Natasha
  1648 | D:2      | Killed Natasha
  1649 | D:2      | Reached XP level 5. HP: 37/37 MP: 7/12
  1683 | D:2      | Noticed Sigmund
  1692 | D:2      | Killed Sigmund
  1693 | D:2      | Reached XP level 6. HP: 44/44 MP: 11/14
  1911 | D:2      | Noticed Natasha
  1918 | D:2      | Killed Natasha
  1919 | D:2      | Reached skill level 5 in Dodging
  2791 | D:3      | Learned a level 2 spell: Blink
  2813 | D:3      | Found a shadowy altar of Dithmenos.
  3103 | D:4      | Reached XP level 7. HP: 50/50 MP: 3/15
  4102 | D:4      | Found a basalt altar of Yredelemnul.
  4105 | D:4      | Noticed a profane servitor
  4110 | D:4      | Found a glowing golden altar of the Shining One.
  4112 | D:4      | Noticed an angel
  4165 | D:5      | Entered Level 5 of the Dungeon
  4165 | D:5      | Found a shimmering blue altar of Sif Muna.
  4264 | D:5      | Found an iron altar of Okawaru.
  4267 | D:5      | Found a radiant altar of Vehumet.
  4299 | D:5      | Found a stormy altar of Qazlal.
  4301 | D:5      | Found a blossoming altar of Fedhas.
  4364 | D:5      | Reached skill level 5 in Stealth
  4731 | D:6      | Found a staircase to the Ecumenical Temple.
  4732 | D:6      | Noticed Maggie
  4751 | D:6      | Mangled by Maggie

Illustrated notes

Levels and vault maps discovered:
D:1:      dpeg_arrival_simpleton_a, layout_basic,
          dreamdust_ecumenical_altar_angels_and_demons
D:2:      minmay_inner_zag, layout_loops_ring, uniq_natasha, uniq_sigmund
D:3:      layout_rooms, grunt_dithmenos_smoke_and_mirrors
D:4:      layout_loops_ring, grunt_temple_overflow_holy_war
D:5:      minmay_evil_eye, layout_layer_cave, nicolae_sif_muna_condensation,
          nicolae_overflow_hidden_temple, general_overflow_altar,
          old_standard_altar, serial_shops, shop
D:6:      minmay_octagon_keep, layout_cave_pools,
          mainiacjoe_overflow_cross_hatched, minmay_temple_entry_arrows,
          serial_shops, shop, uniq_maggie

Skill      XL: |  1  2  3  4  5  6  7 |
---------------+----------------------+-----
Spellcasting   | 5 |  5.7
Fighting       | 1 2 |  2.6
Short Blades   | 1 2 |  2.6
Long Blades    | 1 2 |  2.6
Axes           | 1 2 |  2.6
Maces & Flails | 1 2 |  2.6
Polearms       | 1 2 |  2.6
Staves         | 1 2 |  2.6
Slings         | 1 2 |  2.6
Bows           | 1 2 |  2.6
Crossbows      | 1 2 |  2.6
Throwing       | 1 2 |  2.6
Armour         | 1 2 |  2.6
Shields        | 1 2 |  2.6
Unarmed Combat | 1 2 |  2.6
Invocations    | 1 2 |  2.9
Evocations     | 1 2 |  2.6
Hexes          | 1 2 |  2.1
Summonings     | 1 2 |  2.1
Necromancy     | 1 2 |  2.1
Translocations | 1 2 |  2.1
Transmutations | 1 2 |  2.1
Fire Magic     | 1 2 |  2.1
Ice Magic      | 1 2 |  2.1
Air Magic      | 1 2 |  2.1
Earth Magic    | 1 2 |  2.1
Poison Magic   | 1 2 |  2.1
Dodging        | 5 |  5.3
Stealth        | 5 |  5.0
Conjurations   | |  7.4

Action                   |  1- 3 |  4- 6 |  7- 9 || total
-------------------------+-------+-------+-------++-------
Melee: Dagger            |       |     2 |    17 ||    19
       Bite              |       |       |     4 ||     4
       Hand axe          |       |       |     1 ||     1
 Cast: Magic Dart        |    50 |    76 |    27 ||   153
       Searing Ray       |     2 |    12 |    11 ||    25
Evoke: Wand              |       |     1 |       ||     1
 Stab: Paralysed         |       |     2 |       ||     2
Armor: Robe              |     1 |     1 |     3 ||     5
Dodge: Dodged            |       |     9 |    17 ||    26
